| TOP OF THE 1ST |
|
Winston-Salem Spirits batting - Pitching for Peninsula Panthers : RHP Bill Aguilar
|
|
Pitching: RHP Bill Aguilar
|
|
|
Batting: SHB Mark Wiesler
|
0-0: Ball 1-0: Called Strike 1-1: Foul Ball, location: 2F 1-2: Ball 2-2: Ball 3-2: Foul Ball, location: 2F 3-2: Base on Balls
|
|
Batting: SHB Jim Thomas
|
0-0: Called Strike 0-1: Swinging Strike 0-2: Ball 1-2: Ball 2-2: Ball 3-2: SINGLE (Groundball, 6, EV 96.9 MPH) Mark Wiesler to second Mark Wiesler to third
|
|
Batting: RHB Gregory Key
|
0-0: Ball 1-0: Foul Ball, location: 2F 1-1: Fly out, F3 (Popup, 34S, EV 75.6 MPH)
|
|
Batting: SHB Danny Montero
|
0-0: Ball 1-0: Ball 2-0: Ball 3-0: Called Strike 3-1: Swinging Strike 3-2: Base on Balls Jim Thomas to second
|
|
Batting: LHB Jerome Coleman
|
0-0: Called Strike 0-1: Called Strike 0-2: Foul Ball, location: 2F 0-2: Ball 1-2: Foul Ball, location: 2F 1-2: Ball 2-2: Foul Ball, location: 2F 2-2: Fly out, F8 (Flyball, 8LM, EV 71.3 MPH)
|
|
Batting: RHB Angelo Ross
|
0-0: Called Strike 0-1: Swinging Strike 0-2: SINGLE (Groundball, 6S, EV 95.6 MPH) Mark Wiesler scores Jim Thomas to third Danny Montero to second Runner from 3rd tries for Home, SAFE, throw by CF to home
|
|
Batting: RHB Brad Fischer
|
0-0: Foul Ball, location: 2F 0-1: Ball 1-1: Ground out 4-3 (Groundball, 4, EV 79.4 MPH)
|
| Top of the 1st over - 2 runs, 2 hits, 0 errors, 2 left on base; Winston-Salem 2 - Peninsula 0 |
| BOTTOM OF THE 1ST |
|
Peninsula Panthers batting - Pitching for Winston-Salem Spirits : LHP Mike Foster
|
|
Pitching: LHP Mike Foster
|
|
|
Batting: SHB Vince Coleman
|
0-0: Swinging Strike 0-1: Ball 1-1: Fly out, F7 (Flyball, 7D, EV 86.3 MPH)
|
|
Batting: RHB Dan Cox
|
0-0: Ball 1-0: Swinging Strike 1-1: Ball 2-1: DOUBLE (Line Drive, 5D, EV 101.3 MPH)
|
|
Batting: SHB Steven Malito
|
0-0: Foul Ball, location: 2F 0-1: Ball 1-1: Foul Ball, location: 2F 1-2: Ball 2-2: Foul Ball, location: 2F 2-2: SINGLE (Groundball, 5S, EV 70.6 MPH) (infield hit) Dan Cox to third
|
|
Batting: RHB David Stokes
|
0-0: Ball 1-0: Called Strike 1-1: Grounds into double play, 5-4-3 (Groundball, 56S, EV 86.9 MPH)
|
| Bottom of the 1st over - 0 runs, 2 hits, 0 errors, 1 left on base; Winston-Salem 2 - Peninsula 0 |
| TOP OF THE 2ND |
|
Winston-Salem Spirits batting - Pitching for Peninsula Panthers : RHP Bill Aguilar
|
|
Batting: RHB Buddy Bailey
|
0-0: Called Strike 0-1: Foul Ball, location: 2F 0-2: Ground out 5-3 (Groundball, 56S, EV 91.9 MPH)
|
|
Batting: RHB Kelly Miller
|
0-0: Ball 1-0: Ball 2-0: Foul Ball, location: 2F 2-1: Fly out, F4 (Flyball, 34D, EV 90.6 MPH)
|
|
Batting: SHB Mark Wiesler
|
0-0: Ball 1-0: Foul Ball, location: 2F 1-1: Fly out, F8 (Flyball, 89D, EV 95.0 MPH)
|
| Top of the 2nd over - 0 runs, 0 hits, 0 errors, 0 left on base; Winston-Salem 2 - Peninsula 0 |
| BOTTOM OF THE 2ND |
|
Peninsula Panthers batting - Pitching for Winston-Salem Spirits : LHP Mike Foster
|
|
Batting: RHB Lawrence McGee
|
0-0: Ball 1-0: DOUBLE (Line Drive, 8LD, EV 109.4 MPH)
|
|
Batting: LHB Randy Harvey
|
0-0: Swinging Strike 0-1: Ball 1-1: Called Strike 1-2: Foul Ball, location: 2F 1-2: Foul Ball, location: 2F 1-2: Fly out, F9 (Flyball, 9, EV 78.8 MPH)
|
|
Batting: RHB Franklin McKinney
|
0-0: Ball 1-0: Ball 2-0: SINGLE (Groundball, 6D, EV 96.9 MPH) Lawrence McGee to third Runner from 3rd tries for Home, SAFE, throw by CF to home
|
|
Batting: RHB David Stevens
|
0-0: Ball 1-0: Fly out, F9 (Flyball, 9D, EV 82.5 MPH)
|
|
Batting: RHB Douglas Elliott
|
0-0: Ball 1-0: Called Strike 1-1: Ball 2-1: Ball 3-1: Called Strike 3-2: Foul Ball, location: 2F 3-2: Foul Ball, location: 2F 3-2: Base on Balls Franklin McKinney to second
|
|
Batting: SHB Vince Coleman
|
0-0: Ball 1-0: Ball Wild Pitch! Franklin McKinney to third Douglas Elliott to second 2-0: Fly out, F8 (Flyball, 8LXD, EV 100.0 MPH)
|
| Bottom of the 2nd over - 1 run, 2 hits, 0 errors, 2 left on base; Winston-Salem 2 - Peninsula 1 |
| TOP OF THE 3RD |
|
Winston-Salem Spirits batting - Pitching for Peninsula Panthers : RHP Bill Aguilar
|
|
Batting: SHB Jim Thomas
|
0-0: Fly out, F8 (Flyball, 78D, EV 101.3 MPH)
|
|
Batting: RHB Gregory Key
|
0-0: Ground out 5-3 (Groundball, 56S, EV 89.4 MPH)
|
|
Batting: SHB Danny Montero
|
0-0: Called Strike 0-1: Foul Ball, location: 2F 0-2: Ball 1-2: Foul Ball, location: 2F 1-2: TRIPLE (Flyball, 8LXD, EV 88.1 MPH)
|
|
Batting: LHB Jerome Coleman
|
0-0: Foul Ball, location: 2F 0-1: Fly out, F7 (Flyball, 78D, EV 95.0 MPH)
|
| Top of the 3rd over - 0 runs, 1 hit, 0 errors, 1 left on base; Winston-Salem 2 - Peninsula 1 |
| BOTTOM OF THE 3RD |
|
Peninsula Panthers batting - Pitching for Winston-Salem Spirits : LHP Mike Foster
|
|
Batting: RHB Dan Cox
|
0-0: Foul Ball, location: 2F 0-1: Ball 1-1: Called Strike 1-2: Ball 2-2: Foul Ball, location: 2F 2-2: Ball 3-2: Base on Balls
|
|
Batting: SHB Steven Malito
|
0-0: Ball 1-0: Ball 2-0: Called Strike 2-1: Foul Ball, location: 2F 2-2: Strikes out swinging
|
|
Batting: RHB David Stokes
|
0-0: Ball 1-0: Called Strike 1-1: Foul Ball, location: 2F 1-2: Foul Ball, location: 2F 1-2: Foul Ball, location: 2F 1-2: 2-RUN HOME RUN (Flyball, 7D, EV 88.8 MPH), Distance : 367 ft
|
|
Batting: RHB Lawrence McGee
|
0-0: Called Strike 0-1: Ball 1-1: Ball 2-1: Called Strike 2-2: Foul Ball, location: 2F 2-2: Strikes out swinging
|
|
Batting: LHB Randy Harvey
|
0-0: Ball 1-0: Called Strike 1-1: Swinging Strike 1-2: Strikes out looking
|
| Bottom of the 3rd over - 2 runs, 1 hit, 0 errors, 0 left on base; Winston-Salem 2 - Peninsula 3 |
| TOP OF THE 4TH |
|
Winston-Salem Spirits batting - Pitching for Peninsula Panthers : RHP Bill Aguilar
|
|
Batting: RHB Angelo Ross
|
0-0: Ground out 5-3 (Groundball, 56S, EV 65.0 MPH)
|
|
Batting: RHB Brad Fischer
|
0-0: Swinging Strike 0-1: SINGLE (Groundball, 56D, EV 104.4 MPH)
|
|
Batting: RHB Buddy Bailey
|
0-0: Ball 1-0: Ball Brad Fischer steals 2nd base 2-0: Swinging Strike 2-1: Foul Ball, location: 2F 2-2: Fly out, F8 (Line Drive, 8RD, EV 85.6 MPH)
|
|
Batting: RHB Kelly Miller
|
0-0: Called Strike 0-1: Ball 1-1: Called Strike 1-2: Strikes out swinging
|
| Top of the 4th over - 0 runs, 1 hit, 0 errors, 1 left on base; Winston-Salem 2 - Peninsula 3 |
| BOTTOM OF THE 4TH |
|
Peninsula Panthers batting - Pitching for Winston-Salem Spirits : LHP Mike Foster
|
|
Batting: RHB Franklin McKinney
|
0-0: Ball 1-0: Swinging Strike 1-1: Swinging Strike 1-2: Strikes out swinging
|
|
Batting: RHB David Stevens
|
0-0: Ball 1-0: Ground out 6-3 (Groundball, 6, EV 100.0 MPH)
|
|
Batting: RHB Douglas Elliott
|
0-0: Ground out U3 (Groundball, 34S, EV 91.9 MPH)
|
| Bottom of the 4th over - 0 runs, 0 hits, 0 errors, 0 left on base; Winston-Salem 2 - Peninsula 3 |
| TOP OF THE 5TH |
|
Winston-Salem Spirits batting - Pitching for Peninsula Panthers : RHP Bill Aguilar
|
|
Batting: SHB Mark Wiesler
|
0-0: Ball 1-0: Ball 2-0: Ball 3-0: Called Strike 3-1: Base on Balls
|
|
Batting: SHB Jim Thomas
|
0-0: Ball 1-0: Sac Bunt to 15 - play at first, batter OUT! 1-4 Mark Wiesler to second
|
|
Batting: RHB Gregory Key
|
0-0: Ball 1-0: Foul Ball, location: 2F 1-1: Ball 2-1: Foul Ball, location: 2F 2-2: Ball 3-2: Foul Ball, location: 2F 3-2: Base on Balls
|
|
Batting: SHB Danny Montero
|
0-0: Ball 1-0: Ball 2-0: Ball 3-0: Base on Balls Mark Wiesler to third Gregory Key to second
|
|
Batting: LHB Jerome Coleman
|
0-0: Fly out, F9 (Flyball, 9D, EV 98.8 MPH) Runner from 3rd tags up, SCORES, throw by RF Gregory Key to third
|
|
Batting: RHB Angelo Ross
|
0-0: Ball 1-0: Ball 2-0: Ball 3-0: Called Strike 3-1: Called Strike 3-2: Foul Ball, location: 2F 3-2: Foul Ball, location: 2F 3-2: Foul Ball, location: 2F 3-2: SINGLE (Groundball, 56D, EV 101.9 MPH) Gregory Key scores Danny Montero to second Danny Montero to third
|
|
Batting: RHB Brad Fischer
|
0-0: Called Strike Angelo Ross steals 2nd base (no throw) 0-1: Foul Ball, location: 2F 0-2: Fly out, F8 (Line Drive, 8RD, EV 101.9 MPH)
|
| Top of the 5th over - 2 runs, 1 hit, 0 errors, 2 left on base; Winston-Salem 4 - Peninsula 3 |
| BOTTOM OF THE 5TH |
|
Peninsula Panthers batting - Pitching for Winston-Salem Spirits : LHP Mike Foster
|
|
Batting: SHB Vince Coleman
|
0-0: SINGLE (Line Drive, 6D, EV 101.9 MPH)
|
|
Batting: RHB Dan Cox
|
0-0: Ball 1-0: Ball 2-0: Ball 3-0: Called Strike 3-1: Base on Balls Vince Coleman to second
|
|
Batting: SHB Steven Malito
|
0-0: Called Strike 0-1: Called Strike 0-2: Ball 1-2: Fly out, F8 (Line Drive, 8RD, EV 92.5 MPH)
|
|
Batting: RHB David Stokes
|
0-0: Called Strike 0-1: Foul Ball, location: 2F 0-2: Fly out, F9 (Flyball, 9S, EV 87.5 MPH)
|
|
Batting: RHB Lawrence McGee
|
0-0: Foul Ball, location: 2F 0-1: Foul Ball, location: 2F 0-2: Fly out, F8 (Flyball, 78M, EV 89.4 MPH)
|
| Bottom of the 5th over - 0 runs, 1 hit, 0 errors, 2 left on base; Winston-Salem 4 - Peninsula 3 |
| TOP OF THE 6TH |
|
Winston-Salem Spirits batting - Pitching for Peninsula Panthers : RHP Bill Aguilar
|
|
Batting: RHB Buddy Bailey
|
0-0: Called Strike 0-1: Foul Ball, location: 2F 0-2: Ball 1-2: Foul Ball, location: 2F 1-2: Ball 2-2: Ground out 5-3 (Groundball, 56, EV 80.0 MPH)
|
|
Batting: RHB Kelly Miller
|
0-0: Ground out U3 (Groundball, 3S, EV 83.8 MPH)
|
|
Batting: SHB Mark Wiesler
|
0-0: Called Strike 0-1: Foul Ball, location: 2F 0-2: Ball 1-2: Ball 2-2: Ball 3-2: SINGLE (Line Drive, 78M, EV 105.6 MPH)
|
|
Batting: SHB Jim Thomas
|
0-0: Ball 1-0: Called Strike Mark Wiesler steals 2nd base 1-1: Ground out 6-3 (Groundball, 6, EV 105.6 MPH)
|
| Top of the 6th over - 0 runs, 1 hit, 0 errors, 1 left on base; Winston-Salem 4 - Peninsula 3 |
| BOTTOM OF THE 6TH |
|
Peninsula Panthers batting - Pitching for Winston-Salem Spirits : LHP Mike Foster
|
|
Batting: LHB Randy Harvey
|
0-0: Ball 1-0: Ball 2-0: Ground out 4-3 (Groundball, 4, EV 90.0 MPH)
|
|
Batting: RHB Franklin McKinney
|
0-0: Foul Ball, location: 2F 0-1: Foul Ball, location: 2F 0-2: Foul Ball, location: 2F 0-2: Ball 1-2: DOUBLE (Line Drive, 7LM, EV 100.6 MPH)
|
|
Batting: RHB David Stevens
|
0-0: Ball 1-0: Called Strike 1-1: Foul Ball, location: 2F 1-2: Strikes out swinging
|
|
Batting: RHB Douglas Elliott
|
0-0: SINGLE (Line Drive, 7S, EV 98.8 MPH) Franklin McKinney to third Runner from 3rd tries for Home, SAFE, throw by LF to home
|
|
Batting: SHB Vince Coleman
|
0-0: Ball 1-0: Called Strike 1-1: Called Strike 1-2: Ball Douglas Elliott steals 2nd base (no throw) 2-2: Foul Ball, location: 2F 2-2: Strikes out swinging
|
| Bottom of the 6th over - 1 run, 2 hits, 0 errors, 1 left on base; Winston-Salem 4 - Peninsula 4 |
| TOP OF THE 7TH |
|
Winston-Salem Spirits batting - Pitching for Peninsula Panthers : RHP Bill Aguilar
|
|
Batting: RHB Gregory Key
|
0-0: Foul Ball, location: 2F 0-1: Reached on error, E6 (Flyball, 56D, EV 77.5 MPH)
|
|
Batting: SHB Danny Montero
|
0-0: Foul Ball, location: 2F 0-1: Ball Gregory Key steals 2nd base 1-1: Called Strike 1-2: Strikes out looking
|
|
Batting: LHB Jerome Coleman
|
0-0: Intentional Walk
|
|
Batting: RHB Angelo Ross
|
0-0: Ball 1-0: Swinging Strike 1-1: Swinging Strike 1-2: Ball 2-2: Foul Ball, location: 2F 2-2: Ball 3-2: Foul Ball, location: 2F 3-2: Foul Ball, location: 2F 3-2: Strikes out swinging
|
|
Batting: RHB Brad Fischer
|
0-0: Ball 1-0: Ball 2-0: Foul Ball, location: 2F 2-1: Ball 3-1: SINGLE (Groundball, 56D, EV 95.0 MPH) Gregory Key to third Jerome Coleman to second Runner from 3rd tries for Home, SAFE, throw by LF to home
|
|
Batting: RHB Buddy Bailey
|
0-0: Called Strike 0-1: Called Strike 0-2: Ball 1-2: Ball 2-2: Foul Ball, location: 2F 2-2: Ball 3-2: Base on Balls Jerome Coleman to third Brad Fischer to second
|
|
Batting: RHB Kelly Miller
|
0-0: Called Strike 0-1: Ball 1-1: Foul Ball, location: 2F 1-2: Fly out, F4 (Popup, 3S, EV 79.4 MPH)
|
| Top of the 7th over - 1 run, 1 hit, 1 error, 3 left on base; Winston-Salem 5 - Peninsula 4 |
| BOTTOM OF THE 7TH |
|
Peninsula Panthers batting - Pitching for Winston-Salem Spirits : LHP Mike Foster
|
|
Batting: RHB Dan Cox
|
0-0: Ball 1-0: Fly out, F8 (Flyball, 78D, EV 103.8 MPH)
|
|
Batting: SHB Steven Malito
|
0-0: Ball 1-0: Ball 2-0: Foul Ball, location: 2F 2-1: Ball 3-1: Base on Balls
|
|
Batting: RHB David Stokes
|
0-0: Ball 1-0: Ball 2-0: Ball 3-0: Called Strike 3-1: Swinging Strike 3-2: Fly out, F8 (Line Drive, 8RD, EV 89.4 MPH)
|
|
Batting: RHB Lawrence McGee
|
0-0: Ball 1-0: Called Strike 1-1: Foul Ball, location: 2F 1-2: Ball 2-2: Ball 3-2: Ground out 6-3 (Groundball, 6, EV 98.8 MPH)
|
| Bottom of the 7th over - 0 runs, 0 hits, 0 errors, 1 left on base; Winston-Salem 5 - Peninsula 4 |
| TOP OF THE 8TH |
|
Winston-Salem Spirits batting - Pitching for Peninsula Panthers : RHP Bill Aguilar
|
|
Batting: SHB Mark Wiesler
|
0-0: Called Strike 0-1: Ball 1-1: Fly out, F9 (Flyball, 9D, EV 77.5 MPH)
|
|
Batting: SHB Jim Thomas
|
0-0: Called Strike 0-1: Ground out U3 (Groundball, 3S, EV 90.6 MPH)
|
|
Batting: RHB Gregory Key
|
0-0: Called Strike 0-1: Called Strike 0-2: Ball 1-2: Ball 2-2: SINGLE (Groundball, 34S, EV 73.1 MPH) (infield hit)
|
|
Batting: SHB Danny Montero
|
0-0: Called Strike Gregory Key steals 2nd base 0-1: Ball 1-1: Called Strike 1-2: Ball 2-2: DOUBLE (Flyball, 78XD, EV 99.4 MPH) Gregory Key scores
|
|
Batting: LHB Jerome Coleman
|
0-0: Ball 1-0: Ground out 5-3 (Groundball, 5S, EV 76.9 MPH)
|
| Top of the 8th over - 1 run, 2 hits, 0 errors, 1 left on base; Winston-Salem 6 - Peninsula 4 |
| BOTTOM OF THE 8TH |
|
Peninsula Panthers batting - Pitching for Winston-Salem Spirits : LHP Mike Foster
|
|
Now at 3B: Grant Alpaugh
|
|
|
Batting: LHB Randy Harvey
|
0-0: Ball 1-0: Swinging Strike 1-1: Ball 2-1: Ball 3-1: Called Strike 3-2: Foul Ball, location: 2F 3-2: Base on Balls
|
|
Pitching: RHP David Trout
|
|
|
Batting: RHB Franklin McKinney
|
0-0: Foul Ball, location: 2F 0-1: Fly out, F4 (Popup, 13, EV 71.9 MPH)
|
|
Batting: RHB David Stevens
|
0-0: Called Strike 0-1: DOUBLE (Flyball, 8RD, EV 108.1 MPH) Randy Harvey to third
|
|
Pinch Hitting: LHB Ted French
|
0-0: Ball 1-0: Foul Ball, location: 2F 1-1: Called Strike 1-2: Ball Wild Pitch! Randy Harvey scores David Stevens to third 2-2: 2-RUN HOME RUN (Flyball, 9D, EV 98.8 MPH), Distance : 375 ft
|
|
Batting: SHB Vince Coleman
|
0-0: Called Strike 0-1: Foul Ball, location: 2F 0-2: Strikes out swinging
|
|
Batting: RHB Dan Cox
|
0-0: Foul Ball, location: 2F 0-1: Ground out 4-3 (Groundball, 4, EV 105.0 MPH)
|
| Bottom of the 8th over - 3 runs, 2 hits, 0 errors, 0 left on base; Winston-Salem 6 - Peninsula 7 |
| TOP OF THE 9TH |
|
Winston-Salem Spirits batting - Pitching for Peninsula Panthers : RHP Bill Aguilar
|
|
Now at SS: Romel Beck
|
|
|
Batting: RHB Angelo Ross
|
0-0: SINGLE (Groundball, 4D, EV 95.0 MPH)
|
|
Batting: RHB Brad Fischer
|
0-0: Sac Bunt to 13 - play at first, batter OUT! 1-4 Angelo Ross to second
|
|
Batting: RHB Buddy Bailey
|
0-0: Ball 1-0: Ball 2-0: Fly out, F8 (Line Drive, 8RD, EV 89.4 MPH)
|
|
Pinch Hitting: RHB Michael Lenti
|
0-0: Ball 1-0: Called Strike 1-1: Swinging Strike 1-2: Foul Ball, location: 2F 1-2: Ball 2-2: Ball 3-2: Foul Ball, location: 2F 3-2: Base on Balls
|
|
Batting: SHB Mark Wiesler
|
0-0: Called Strike 0-1: Fly out, F9 (Flyball, 9LS, EV 90.6 MPH)
|
| Top of the 9th over - 0 runs, 1 hit, 0 errors, 2 left on base; Winston-Salem 6 - Peninsula 7 |
|